 Dungeon Crawl Stone Soup version 0.30-a0-847-g17996783a1 (webtiles) character file.

Game seed: 16841143282494803258

326 cforsyth the Sneak (level 6, -4/38 HPs)
             Began as a Kobold Brigand on Mar 4, 2023.
             Slain by Grinder (6 damage)
             ... while paralysed by Grinder
             ... on level 5 of the Dungeon.
             The game lasted 00:03:59 (4635 turns).

cforsyth the Sneak (Kobold Brigand)                 Turns: 4635, Time: 00:03:59

Health: -4/38      AC:  4    Str:  8    XL:     6   Next: 78%
Magic:  6/6        EV:  3    Int: 13    God:
Gold:   115        SH:  0    Dex: 18    Spells: 5/5 levels left

rFire   . . .      SeeInvis .    a - +2 dagger
rCold   . . .      Faith    .    (no shield)
rNeg    . . .      Spirit   .    b - +0 robe
rPois   .          Reflect  .    (no helmet)
rElec   .          Rampage  .    c - +1 cloak
rCorr   .                        (no gloves)
Will    .....                    (no boots)
Stlth   +++++                    (no amulet)
HPRegen 0.26/turn                (no ring)
MPRegen 0.10/turn                (no ring)

@: paralysed
A: small, no large weapons, nightstalker 3
a: no special abilities


You were on level 5 of the Dungeon.
You visited 1 branch of the dungeon, and saw 5 of its levels.

You collected 115 gold pieces.

Inventory:

Hand Weapons
 a - a +2 dagger (weapon)
Missiles
 d - 9 poisoned darts (quivered)
 e - 3 curare-tipped darts
Armour
 b - a +0 robe (worn)
 c - a +1 cloak (worn)
Jewellery
 i - a ring of ice
 k - a ring of magical power
 s - an amulet of regeneration
 u - a ring of poison resistance
Wands
 t - a wand of charming (8)
Scrolls
 h - a scroll of teleportation
Potions
 f - a potion of resistance {unknown}
 g - a potion of flight {unknown}
 j - a potion of brilliance {unknown}
 m - 2 potions of attraction
 n - a potion of haste
 q - a potion of curing {unknown}


   Skills:
 + Level 4.0 Fighting
 + Level 4.9 Short Blades
 - Level 2.1 Throwing
 + Level 3.8 Dodging
 + Level 7.1 Stealth


You had 5 spell levels left.
You didn't know any spells.
Your spell library contained the following spells:

 Spells                   Type           Power      Damage    Failure   Level
 Summon Small Mammal      Summ           0%         N/A       30%         1
 Lesser Beckoning         Tloc           0%         N/A       43%         2
 Call Canine Familiar     Summ           0%         N/A       67%         3
 Gell's Gravitas          Tloc           0%         N/A       67%         3
 Summon Guardian Golem    Hex/Summ       0%         N/A       67%         3
 Teleport Other           Tloc           0%         N/A       67%         3


Dungeon Overview and Level Annotations

Branches:
Dungeon (5/15)             Temple (0/1) D:4

Altars:

Shops:
D:1 (

Annotations:
D:5 Grinder


Innate Abilities, Weirdness & Mutations

You are small and have problems with some larger weapons.
You are completely attuned to the shadows.


Message History

You hit Grinder.
Grinder is moderately wounded.
Grinder closely misses you.
You hit Grinder.
Grinder is heavily wounded.
You hit Grinder.
Grinder is heavily wounded.
Grinder hits you.
You barely miss Grinder.
Grinder is heavily wounded.
Grinder hits you!
You writhe in agony.
You barely miss Grinder.
Grinder is heavily wounded.
You closely miss Grinder.
Grinder is heavily wounded.
Grinder says, "FISH!"
Grinder hits you.
You writhe in agony.
You completely miss Grinder.
Grinder is heavily wounded.
Grinder gestures at you. Pain shoots through your body!
* * * LOW HITPOINT WARNING * * *
You hit Grinder but do no damage.
Grinder is heavily wounded.
Grinder gestures at you.
You barely resist. You hit Grinder.
Grinder is heavily wounded.
Grinder hits you but does no damage.
You hit Grinder but do no damage.
Grinder is heavily wounded.
You hit Grinder but do no damage.
Grinder is heavily wounded.
Grinder says, "DUCK!"
Grinder gestures at you.
You suddenly lose the ability to move!
Grinder hits you!
* * * LOW HITPOINT WARNING * * *
You writhe in agony.
You die...

..####.##'#.....
..######........
..'....#........
..#....#........
..#....#........
####.###........
.###.#.........####+#
.'...#.........#.....
.#...#.........'@5...
.#...#.........#.....
.#...#†........#.....
.##+##........#######
..............#
..............#
..............#
..............#
..............#


You could see Grinder.

Vanquished Creatures
  A phantom (D:4)
  A hound (D:5)
  A jelly (D:5)
  An iguana (D:5)
  7 adders
  4 gnolls (D:3)
  An ufetubus (D:5)
  2 worms (D:2)
  2 dart slugs (D:2)
  5 orcs
  5 endoplasms
  A giant cockroach (D:1)
  5 goblins
  4 hobgoblins
  3 jackals (D:2)
  3 ball pythons
  3 bats
  2 frilled lizards (D:1)
  3 kobolds
  4 rats
58 creatures vanquished.

Notes
Turn   | Place    | Note
-------+----------+-------------------------------------------
     0 | D:1      | cforsyth the Kobold Brigand began the quest for the Orb.
     0 | D:1      | Reached XP level 1. HP: 12/12 MP: 1/1
   158 | D:1      | Found Obireduf's Antique Weapon Boutique.
   254 | D:1      | Reached XP level 2. HP: 18/18 MP: 2/2
   938 | D:2      | Reached XP level 3. HP: 22/22 MP: 3/3
  1813 | D:3      | Reached XP level 4. HP: 27/27 MP: 4/4
  1819 | D:3      | Reached skill level 6 in Stealth
  2359 | D:3      | Reached XP level 5. HP: 28/32 MP: 5/5
  2794 | D:4      | Noticed a phantom
  2876 | D:4      | Killed a phantom
  2932 | D:3      | Reached XP level 6. HP: 21/37 MP: 6/6
  4259 | D:4      | You fall into a shaft and drop 1 floor!
  4259 | D:5      | Entered Level 5 of the Dungeon
  4387 | D:5      | Reached skill level 7 in Stealth
  4613 | D:5      | Noticed Grinder
  4634 | D:5      | Paralysed by Grinder for 3 turns
  4635 | D:5      | Slain by Grinder

Illustrated notes

Levels and vault maps discovered:
D:1:      doesnt_arrival_eight_statues, layout_basic, serial_shops, shop,
          chequers_serial_rivers_large_b
D:2:      layout_basic
D:3:      layout_loops_ring
D:4:      layout_loops_ring, mainiacjoe_overflow_tiny_flanked,
          minmay_temple_entry_sparse_star, serial_shops, shop
D:5:      layout_gridville, minmay_misc_feat_columns,
          kennysheep_decorative_pillar, uniq_grinder, uniq_duvessa,
          uniq_eustachio

Skill      XL: |  1  2  3  4  5  6 |
---------------+-------------------+-----
Short Blades   | 3 4 |  4.9
Dodging        | 2 3 |  3.8
Stealth        | 6 7 |  7.1
Fighting       | 3 4 |  4.0
Throwing       | |  2.1

Action                     |  1- 3 |  4- 6 || total
---------------------------+-------+-------++-------
  Melee: Dagger            |    71 |   166 ||   237
         Punch             |     1 |     4 ||     5
    Use: Scroll            |       |    11 ||    11
   Stab: Sleeping          |    17 |    12 ||    29
         Distracted        |     2 |       ||     2
 Armour: Robe              |     8 |    20 ||    28
  Dodge: Dodged            |    36 |   105 ||   141

Table legend: (Time is in decaauts)
 A = Elapsed time spent in this place.
 B = Non-inter-level travel time spent in this place.
 C = Inter-level travel time spent in this place.
 D = Time resting spent in this place.
 E = Time spent auto-exploring this place.
 F = Levels seen in this place.
 G = Mean time per level.
                   A        B        C        D        E       F      G
               +--------+--------+--------+--------+--------+-----+--------+
         Total |   4647 |   4544 |    103 |   1421 |   2590 |   5 |  929.4 |
       Dungeon |   4647 |   4544 |    103 |   1421 |   2590 |   5 |  929.4 |
               +--------+--------+--------+--------+--------+-----+--------+

Top non-repeatable levels by time:
     D:3: 1740 daAuts
     D:2: 1328 daAuts
     D:1: 949 daAuts
     D:5: 367 daAuts
     D:4: 261 daAuts
